[Event "Chessable English Open-ch 2022"]
[Site "Kenilwoth"]
[Date "2022.05.20"]
[Round "4.2"]
[White "Wadsworth, Matthew J"]
[Black "Jackson, James P"]
[Result "0-1"]
[ECO "A13"]
[WhiteElo "2432"]
[BlackElo "2400"]
[Annotator "TA"]
[PlyCount "106"]
[EventDate "2022.05.18"]
[EventType "swiss"]
[EventCountry "ENG"]
[SourceTitle "playchess.com"]
[Source "ChessBase"]
[SourceQuality "1"]
[TimeControl "5400+30"]

1. g3 Nf6 2. Bg2 d5 3. c4 e6 4. Nf3 d4 5. O-O c5 6. e3 Nc6 {[%emt 0:00:07] A13: English Opening: 1...e6.} 7. d3 Bd6 8. exd4 cxd4 {[%emt 0:00:07] White has an edge.} 9. Bg5 h6 10. Bxf6 Qxf6 11. Nbd2 Qe7 12. Rc1 O-O 13. Re1 Rd8 14. a3 a5 $1 {[%emt 0:00:33] Inhibits b4.} 15. Ne4 Bc7 16. c5 Bd7 17. Nfd2 Ne5 18. Qe2 Bc6 19. Nd6 {[%emt 0:06:16] [#]} Bxg2 $146 ({Predecessor:} 19... Nd7 20. Nxb7 Bxb7 21. c6 Bxc6 22. Rxc6 Ra7 23. Rec1 Nf6 24. Qd1 Rb8 25. Qa4 Bd8 26. Qxd4 {½-½ (65) Chigaev,M (2542)-Alekseev,E (2626) Kolomna 2016}) 20. Kxg2 Ng6 21. Nxb7 {[%emt 0:08:56] Pair of Knights!} Bxg3 $1 22. hxg3 Qxb7+ 23. Nf3 Rac8 24. Rc4 Rd5 $1 25. b4 axb4 26. axb4 Ne5 $1 27. Qxe5 (27. Qe4 $1 $11 {keeps the balance.} Nxc4 28. dxc4) 27... Rxe5 $17 28. Rxe5 g5 $1 {[%emt 0:06:17] Strongly threatening ...g4.} 29. Rxd4 {[%emt 0:01:49] [#]} (29. g4 $17) 29... f5 $1 $19 {[%emt 0:00:17] aiming for ...g4.} 30. g4 {[%emt 0:01:24] [#]} h5 $1 $36 {[%emt 0:02:10][%mdl 2048] Black is on the roll.} 31. gxf5 (31. c6 {is the only way for White.} Rxc6 32. gxf5) 31... g4 {[%emt 0:00:09][%mdl 64] Pin. Really sharp!} 32. Rde4 gxf3+ 33. Kxf3 exf5 34. Rxf5 Rf8 35. Rxf8+ Kxf8 {[%emt 0:00:06][%mdl 4096] Endgame KQ-KR} 36. Ke3 Qd5 37. Ke2 Kf7 38. Ke3 Kf6 39. Ke2 Kg5 40. Rc4 Qc6 41. b5 Qxb5 {[%emt 0:00:05] ...h4 is the strong threat.} 42. c6 Qe5+ 43. Kf3 (43. Kf1 $142 Qc7 44. Kg1) 43... Qc7 44. Rc5+ Kg6 {[%emt 0:01:06] Hoping for ...Qd6.} 45. d4 Qf7+ $2 (45... Kh6 $19 46. Rc3 h4) 46. Kg2 $11 {[%emt 0:00:27] Threatening mate with c7.} Qc7 $2 (46... Qg8 $11) 47. Kf3 $19 h4 {[%emt 0:01:37] Threatens to win with ...h3.} 48. Kg4 Qd8 {[%emt 0:00:07] Inhibits Rg5+.} 49. d5 (49. f4 $19 Qxd4 50. Rg5+ Kf6 51. c7 Qd7+ 52. Kxh4 Qxc7 53. Kg3) 49... Qg5+ {[%emt 0:01:24] Black mates.} 50. Kf3 h3 51. c7 h2 52. c8=Q h1=Q+ 53. Ke2 Qe4+ {[%emt 0:00:23] Weighted Error Value: White=0.35/Black=0.09 (flawless)} 0-1

[Event "Chessable English Open-ch 2022"]
[Site "Kenilwoth"]
[Date "2022.05.20"]
[Round "4.4"]
[White "Willow, Jonah B"]
[Black "Pert, Richard G"]
[Result "1-0"]
[ECO "B75"]
[WhiteElo "2401"]
[BlackElo "2415"]
[Annotator "TA"]
[PlyCount "91"]
[EventDate "2022.05.18"]
[EventType "swiss"]
[EventCountry "ENG"]
[SourceTitle "playchess.com"]
[Source "ChessBase"]
[SourceQuality "1"]
[TimeControl "5400+30"]

1. e4 c5 2. Nf3 d6 3. d4 cxd4 4. Nxd4 Nf6 5. Nc3 g6 6. Be3 Bg7 7. f3 Nc6 8. Qd2 Bd7 9. O-O-O Ne5 10. Kb1 Rc8 11. g4 {[%emt 0:01:50] B75: Sicilian Dragon: Yugoslav Attack, Miscellaneous.} b5 {[%emt 0:01:46] [#]} 12. Bh6 $146 (12. Bxb5 Bxb5 13. Ncxb5 Nc4 $14) ({Predecessor:} 12. h4 b4 13. Nd5 Nxd5 14. exd5 h5 15. Be2 Qa5 16. Nb3 Qc7 17. Bd4 Kf8 18. gxh5 Bf5 {0-1 (34) Pert,R (2263)-Duncan,C (2310) Birmingham 2001}) 12... Bxh6 13. Qxh6 {[%emt 0:00:15] White is better.} Rxc3 14. bxc3 Qa5 15. Qe3 O-O 16. Nb3 (16. g5 $16 Nh5 17. f4) 16... Qa3 $14 17. Be2 Rc8 18. Rhf1 Be6 (18... Nc4 $11 19. Qc1 Qxc1+ 20. Rxc1 Nb6) 19. g5 Nfd7 20. f4 (20. Bxb5 $5 Rb8 21. Bxd7 Nxd7 22. Qc1 $14) 20... Nc4 21. Qc1 {[%emt 0:00:50] Prevents Qb2+.} Qa6 22. Bxc4 (22. f5 $11 Na3+ 23. Ka1) 22... Bxc4 (22... bxc4 $17 23. Nd4 Qa5) 23. Rfe1 $11 Nb6 24. f5 Na4 25. Re3 Qb6 (25... Qc6 $11 {remains equal.}) 26. Qd2 $1 $16 Rc6 (26... Qc6 $16) 27. e5 ({Better is} 27. Rh3 $18) 27... gxf5 $14 {[%emt 0:01:17] Hoping for ...dxe5.} 28. g6 fxg6 {[%emt 0:01:40] Strongly threatening ...dxe5.} 29. Rh3 $1 {[%emt 0:00:04] Qh6 is the strong threat.} dxe5 {[%emt 0:04:43] aiming for ...Rd6.} 30. Qh6 Rd6 (30... Bxb3 $2 31. Qxh7+ Kf8 32. Qh8+ Bg8 33. Rh7 Nxc3+ 34. Ka1 $18) 31. Qxh7+ (31. Re1 $1 $11 Rd8 32. Qxh7+ Kf8 33. Qh8+ (33. Rxe5 Rd1+ 34. Nc1 Qf6 $15) 33... Bg8 34. Qxe5 (34. Rxe5 $2 Qg1+ 35. Nc1 Rd1 $19)) 31... Kf8 $17 32. Qh8+ Bg8 33. Re1 {[%emt 0:01:21] Black must now prevent Rh7.} Rd5 $1 34. Qh6+ $2 (34. Rh7 $17 Nxc3+ 35. Kc1 (35. Kb2 Na4+ 36. Kc1 Qf6 $17)) 34... Ke8 $2 (34... Kf7 $19 35. Qg5 Qf6 36. Qxf6+ Kxf6) 35. Qg7 $1 $11 Be6 36. Qxg6+ Kd7 $1 37. Rh8 $1 {[%emt 0:02:23] Threatens to win with Qe8+.} Qc7 $2 (37... Nxc3+ $11 {and Black is okay.} 38. Kb2 Rd1 39. Qe8+ (39. Rxe5 $2 Na4+ 40. Ka3 b4+ 41. Kxa4 Bxb3+ 42. cxb3 Qxg6 $19) 39... Kd6 40. Qd8+ Qxd8 41. Rxd8+ Bd7 42. Rxd1+ Nxd1+ 43. Kc1 Ne3) 38. Qe8+ $1 $18 ({Not} 38. c4 Nc3+ 39. Kb2 bxc4 40. Qe8+ (40. Rh6 $2 Na4+ 41. Kc1 Qd6 $19) 40... Kd6 41. Qd8+ Qxd8 42. Rxd8+ Kc7 43. Rxd5 Nxd5 $15) 38... Kd6 {[%emt 0:00:04] [#]} 39. Rh6 $1 {[%emt 0:00:55] And now Qg8 would win.} Nxc3+ {[%emt 0:00:53] [#]} 40. Ka1 $2 (40. Kb2 $1 $18) 40... Na4 $2 ({Black should try} 40... Ne4 $11 41. Rg1 Nf6) 41. c4 $1 $40 {[%emt 0:00:10][%cal Bc2c4,Bc4d5][%mdl 224] Deflection. White is out for blood. The board is on fire. White is more active.} Rd3 $2 (41... bxc4 $16 42. Nd4 (42. Qxa4 cxb3 43. Qxb3 Qb6 $17) 42... Rxd4 43. Qxa4 e4) 42. Qxb5 e4 43. Qxa4 Ke5 44. Qb5+ Bd5 45. Rc1 (45. Nc5 $142 Kd4 46. Ne6+ Bxe6 47. Rxe6 Qf4 48. Rxe7 Qd6 49. Rd7 Qxd7 50. Qxd7+ Kc5 51. Qxf5+ Kb4 52. Rc1) 45... Kf4 46. cxd5 {[%emt 0:00:30] Weighted Error Value: White=0.35/Black=0.63} 1-0

[Event "Chessable English Open-ch 2022"]
[Site "Kenilwoth"]
[Date "2022.05.20"]
[Round "4.5"]
[White "Okhai, Shabir"]
[Black "Roberson, Peter T"]
[Result "0-1"]
[ECO "B51"]
[WhiteElo "2121"]
[BlackElo "2421"]
[Annotator "TA"]
[PlyCount "100"]
[EventDate "2022.05.18"]
[EventType "swiss"]
[EventCountry "ENG"]
[SourceTitle "playchess.com"]
[Source "ChessBase"]
[SourceQuality "1"]
[TimeControl "5400+30"]

1. e4 c5 2. Nf3 d6 3. Bb5+ Nd7 4. a4 Ngf6 5. Nc3 a6 6. Be2 {[%emt 0:00:06] B51: Sicilian: Moscow Variation (3 Bb5+) without 3...Bd7.} g6 7. a5 Bg7 8. O-O {[%emt 0:01:07] White has an edge.} O-O 9. d3 b6 10. axb6 Nxb6 11. Qd2 Bb7 12. Qg5 {[%emt 0:00:58] [#]} Ne8 $146 ({Predecessor:} 12... c4 13. Qh4 cxd3 14. cxd3 h5 15. d4 Qd7 16. h3 Rfc8 17. Re1 a5 18. Bd1 Rc4 {1-0 (38) Gumularz,S (2539)-Vokhidov,S (2536) Warsaw 2021}) 13. Qh4 Nc7 14. Ng5 {[%emt 0:02:31][%csl Gg5][%cal Rh4h7] [#]} h6 15. Nh3 (15. Nf3 $5 ) 15... e6 16. Qg3 Kh7 17. f4 f5 18. Bf3 d5 19. exf5 (19. e5 $11) 19... gxf5 (19... exf5 $15 20. Re1 Rb8) 20. Bd2 Bf6 21. Qe1 ({Don't play} 21. Bh5 Rg8 22. Qf3 Rb8 $17) 21... Qd7 22. Nd1 Bc6 23. Bc3 d4 {[%emt 0:03:35] aiming for ...Bxf3.} 24. Ba5 Nbd5 25. Kh1 Nb5 26. Rb1 Rg8 27. c4 (27. Bd2 $11) 27... dxc3 $1 $17 28. bxc3 {[%emt 0:00:26] [#] Hoping for c4.} Ne7 $1 {[%emt 0:01:49] Black is much more active.} 29. Nb2 $2 {[%emt 0:14:48] This move loses the game for White.} (29. Ra1 $17) 29... Bxf3 $19 30. Rxf3 Nc6 31. Nc4 Nxa5 32. Nxa5 $2 (32. Nb6 Qe7 33. Nxa8 Bxc3 34. Qe2) 32... Bxc3 33. Qh4 Rg4 ({Not} 33... Bxa5 34. Ng5+ Kg7 35. Rg3 $19) 34. Qh5 Bxa5 35. Ng5+ Kg7 36. Ne4 Qf7 37. Qh3 Bb4 38. Re3 Rg6 39. Ng3 Nc3 40. Nh5+ Kh7 41. Rg1 Nd5 42. Re2 a5 43. g4 fxg4 44. Rxg4 Rxg4 45. Qxg4 Rg8 46. Qf3 a4 47. Re5 Bc3 48. d4 Bxd4 49. Re1 Rg6 {[%emt 0:01:07] Strongly threatening ...Qf5.} 50. Qe4 Qf5 {[%emt 0:00:23] Weighted Error Value: White=0.39/Black=0.12 (very precise)} 0-1

[Event "Chessable English Open-ch 2022"]
[Site "Kenilwoth"]
[Date "2022.05.20"]
[Round "4.6"]
[White "Boswell, Jacob Connor"]
[Black "Arkell, Keith C"]
[Result "1/2-1/2"]
[ECO "E15"]
[WhiteElo "2075"]
[BlackElo "2367"]
[Annotator "TA"]
[PlyCount "83"]
[EventDate "2022.05.18"]
[EventType "swiss"]
[EventCountry "ENG"]
[SourceTitle "playchess.com"]
[Source "ChessBase"]
[SourceQuality "1"]
[TimeControl "5400+30"]

1. Nf3 Nf6 2. c4 b6 3. d4 e6 4. g3 Ba6 5. Qc2 b5 (5... c5 $11) 6. cxb5 $14 {[%emt 0:03:33] E15: Queen's Indian: 4 g3 sidelines, 4 g3 Ba6 and 4 g3 Bb7 early deviations.} Bxb5 7. Nc3 Ba6 8. Bg2 {[%emt 0:01:48] White is slightly better.} Be7 9. O-O O-O {[%emt 0:00:08] [#]} 10. Rb1 $146 ({Predecessor:} 10. Re1 d5 11. Bg5 h6 12. Bxf6 Bxf6 13. Na4 Bb5 14. e3 a5 15. Rac1 Na6 16. Bf1 {½-½ (65) Ditmas,H (2018)-Arkell,K (2447) London 2016}) 10... Bb7 11. Bg5 {[%emt 0:05:08] Bxf6 is the strong threat.} Bxf3 12. Bxf3 d5 13. b4 Nbd7 14. e3 c6 15. Na4 a5 16. a3 axb4 17. axb4 Nb6 18. Nc5 Nc4 19. Ra1 Rxa1 20. Rxa1 h6 (20... e5 $14) 21. Bxf6 $16 Bxf6 22. Be2 Nb6 23. Nb7 {[%emt 0:05:07] Inhibits Qd6.} ({White should try} 23. Ra7 $16) 23... Qe7 $11 24. Na5 Qxb4 ({Don't play} 24... Ra8 25. Qc3 $16) 25. Nxc6 Qd6 26. Ra6 Nc8 27. Ne5 Qe7 28. Rc6 Qd8 29. Ng4 Nd6 {[%emt 0:02:12] [#]} (29... Be7 $11 {keeps the balance.}) 30. Nxf6+ (30. Bd3 $1 $16) 30... gxf6 {[%emt 0:00:02][%cal Bg7f6,Bf6f5,Bf5e4][%mdl 32] The position is equal.} 31. Bd3 f5 32. Qc5 Ne4 33. Bxe4 fxe4 {[%emt 0:00:08][%mdl 4096] Endgame KQR-KQR} 34. Rc7 Kg7 35. Kg2 h5 36. h4 Rg8 37. Qc6 Qf6 38. Rc8 {[%emt 0:00:42] Active counter play!} Rxc8 39. Qxc8 Qf3+ 40. Kg1 Qg4 41. Qd8 f6 42. Qe8 {[%emt 0:01:22] Weighted Error Value: White=0.12 (very precise) /Black=0.11 (very precise)} 1/2-1/2

[Event "Chessable English Open-ch 2022"]
[Site "Kenilwoth"]
[Date "2022.05.20"]
[Round "4.7"]
[White "Wells, Peter K"]
[Black "Royal, Shreyas"]
[Result "*"]
[ECO "D24"]
[WhiteElo "2374"]
[BlackElo "2385"]
[Annotator "TA"]
[PlyCount "43"]
[EventDate "2022.05.18"]
[EventType "swiss"]
[EventCountry "ENG"]
[SourceTitle "playchess.com"]
[Source "ChessBase"]
[SourceQuality "1"]
[TimeControl "5400+30"]

1. d4 Nf6 2. c4 e6 3. Nf3 d5 4. Nc3 dxc4 5. e4 b5 6. e5 {[%emt 0:04:15] D24: Queen's Gambit Accepted: 3 Nf3 Nf6 4 Nc3.} Nd5 7. Nxb5 Nb6 8. Be2 {[%emt 0:14:29] White is slightly better.} Nc6 9. O-O Be7 10. Qd2 {[%emt 1:09:59] is the new trend.} Ba6 {[%emt 0:27:52] [#]} 11. a4 $146 ({Predecessor:} 11. Nc3 Nb4 12. Qf4 Nd3 13. Qg4 Nxc1 14. Raxc1 O-O 15. Rfd1 Rb8 16. b3 Qc8 17. bxc4 Bxc4 18. Bxc4 Nxc4 {1-0 (36) Stefanov,E (2350)-Krstic,M (2058) Tornelo INT 2021}) 11... Qd7 (11... O-O $11 {feels stronger.}) 12. b3 (12. Qf4 $14) 12... cxb3 $11 13. Nxc7+ Qxc7 14. Bxa6 O-O 15. Qc3 Rfd8 16. Be3 {[%emt 0:03:18] This bishop pair is nice.} Nd5 17. Qxb3 Rab8 18. Qc2 {[%emt 0:04:52] [#]} (18. Qc4 $11) 18... Nxe5 $1 $15 {[%emt 0:00:43] Black is slightly better.} 19. Qe4 Nxf3+ 20. Qxf3 Bf6 21. Rfc1 Qb6 22. Bf1 {[%emt 0:03:38] Weighted Error Value: White=0.17 (very precise) /Black=0.11 (very precise)} *

[Event "Chessable English Open-ch 2022"]
[Site "Kenilwoth"]
[Date "2022.05.20"]
[Round "4.7"]
[White "Haydon, David L"]
[Black "Parker, Keith"]
[Result "1-0"]
[ECO "A06"]
[WhiteElo "2275"]
[BlackElo "1815"]
[Annotator "TA"]
[PlyCount "112"]
[EventDate "2022.05.18"]
[EventType "swiss"]
[EventCountry "ENG"]
[SourceTitle "playchess.com"]
[Source "ChessBase"]
[SourceQuality "1"]
[TimeControl "5400+30"]

1. Nf3 Nf6 2. e3 d5 3. b3 g6 4. Bb2 Bg7 5. Be2 Bg4 6. c4 {[%emt 0:01:24] A06: Réti Opening: 1 Nf3 d5.} Bxf3 7. Bxf3 c6 {[%emt 0:00:57] [#]} 8. Qc2 $146 {[%emt 0:02:41] White is slightly better.} ({Predecessor:} 8. O-O O-O 9. d4 e6 10. Nd2 Qe7 11. Be2 Rd8 12. Qc2 Ne8 13. Nf3 Nd7 14. a4 {1-0 (36) Koepke,C (2332)-Egger,M (2007) Austria 2020}) 8... O-O 9. d4 Re8 10. Nc3 e6 11. O-O Nbd7 12. Rad1 Rc8 13. Rfe1 Qc7 14. Qb1 Qb8 15. e4 dxe4 16. Nxe4 Nxe4 17. Rxe4 Nf6 18. Re2 Red8 19. g3 Qc7 20. Qa1 Ne8 21. Red2 b6 22. Kg2 Qe7 23. h4 h5 24. Qb1 Nf6 25. Qd3 Qc7 26. Qe2 Re8 27. Rd3 Rcd8 28. Qe5 Rc8 29. Bc1 Ng4 30. Qe2 Nh6 31. Bf4 Qe7 32. Be4 {[%emt 0:01:32] White is more active.} Ng4 33. Qd2 e5 34. dxe5 Nxe5 35. Bxe5 Qxe5 36. Bf3 Re7 37. Rd8+ Re8 38. Rxe8+ Qxe8 39. Qd7 (39. c5 {with more complications.} bxc5 40. Qg5 Qe5 41. Rd7) 39... Qxd7 40. Rxd7 $14 {[%emt 0:00:04][%mdl 4096] Endgame KRB-KRB} a5 41. Rd6 Bf8 42. Rd7 Bc5 43. g4 hxg4 44. Bxg4 Re8 45. Bf3 Re6 46. Rc7 Rd6 47. Bxc6 Rd2 48. Bd5 Rxf2+ 49. Kh3 Kf8 50. Kg4 f5+ (50... Be3 $11 {remains equal.}) 51. Kg5 $16 Be7+ 52. Kxg6 {[%emt 0:00:22] aiming for Rc8+.} Bxh4 53. Rh7 Bd8 {[%emt 0:00:42][%mdl 8192] [#]} (53... Rf4 $16) 54. Rd7 $2 (54. Rf7+ {mates} Kg8 55. Rxf5+ Kh8 56. Rh5#) 54... Bh4 (54... Be7 $14) 55. Rb7 (55. Bc6 $16 {Strongly threatening Rf7+.} Be7 56. Rb7) 55... Bd8 $2 (55... Rxa2 $14 56. Bc6 (56. Rxb6 a4 $11) (56. Kxf5 Bf2 $11) 56... Ra1) 56. Rf7+ Kg8 {[%emt 0:00:34] Weighted Error Value: White=0.21 (precise) /Black=0.42} 1-0

[Event "Chessable English Open-ch 2022"]
[Site "Kenilwoth"]
[Date "2022.05.20"]
[Round "4.8"]
[White "Wells, Peter K"]
[Black "Royal, Shreyas"]
[Result "0-1"]
[ECO "D24"]
[WhiteElo "2374"]
[BlackElo "2385"]
[Annotator "TA"]
[PlyCount "110"]
[EventDate "2022.05.18"]
[EventType "swiss"]
[EventCountry "ENG"]
[SourceTitle "playchess.com"]
[Source "ChessBase"]
[SourceQuality "1"]
[TimeControl "5400+30"]

1. d4 Nf6 2. c4 e6 3. Nf3 d5 4. Nc3 dxc4 5. e4 b5 6. e5 {[%emt 0:04:15] D24: Queen's Gambit Accepted: 3 Nf3 Nf6 4 Nc3.} Nd5 7. Nxb5 Nb6 8. Be2 {[%emt 0:14:29] White is slightly better.} Nc6 9. O-O Be7 10. Qd2 {[%emt 0:22:12] is cutting edge theory.} Ba6 {[%emt 0:27:52] [#]} 11. a4 $146 ({Predecessor:} 11. Nc3 Nb4 12. Qf4 Nd3 13. Qg4 Nxc1 14. Raxc1 O-O 15. Rfd1 Rb8 16. b3 Qc8 17. bxc4 Bxc4 18. Bxc4 Nxc4 {1-0 (36) Stefanov,E (2350)-Krstic,M (2058) Tornelo INT 2021}) 11... Qd7 12. b3 (12. Qf4 $14 {should be considered.}) 12... cxb3 $11 13. Nxc7+ Qxc7 14. Bxa6 O-O 15. Qc3 Rfd8 16. Be3 {[%emt 0:03:18] Rac1 is the strong threat. This bishop pair is nice.} Nd5 17. Qxb3 Rab8 18. Qc2 {[%emt 0:04:52] [#]} (18. Qd1 $14) 18... Nxe5 $1 $15 19. Qe4 Nxf3+ 20. Qxf3 Bf6 21. Rfc1 Qb6 22. Bf1 Qd6 ({Much less strong is} 22... Bxd4 23. a5 (23. Rab1 Bxe3 24. Rxb6 Bxb6 $11) 23... Qb2 24. Rab1 Bxe3 25. Rxb2 Bxc1 26. Rxb8 Rxb8 27. Qd3 $14) 23. Rab1 Qa3 (23... Rxb1 $17 24. Rxb1 Qa3) 24. Rxb8 $1 $11 Rxb8 25. Bc4 (25. Bf4 $11 {keeps the balance.} Qxf3 26. Bxb8) 25... Rc8 $17 {[%emt 0:01:44][%cal Of6d4] Black is more active.} 26. Rb1 Nxe3 27. Qxe3 Qxa4 (27... Qd6 $17 28. Bb3 Bxd4) 28. Bxe6 $15 Rd8 29. Bb3 Qxd4 30. Qf3 Qd3 31. Qxd3 Rxd3 {[%emt 0:00:04][%mdl 4096] Endgame KRB-KRB} 32. Bc4 Rd7 33. Rb8+ Bd8 34. Kf1 Kf8 35. Ke2 Ke7 36. Bb5 Rc7 37. Kd3 f5 38. Ra8 Rb7 39. Kc4 Bb6 40. Bc6 Rc7 41. Kd5 Bxf2 42. Rh8 h6 43. Re8+ {[%emt 0:00:10] [#]} Kf6 ({Better is} 43... Kf7 $1 $17 44. Re2 Bg1) 44. Re6+ (44. Kd6 $1 $11 Bb6 45. h4) 44... Kg5 $17 45. g3 Kg4 46. Kd6 Bb6 47. Bd7 Kh3 48. Re2 Rxd7+ 49. Kxd7 {[%emt 0:00:04] KR-KB} g5 {[%emt 0:00:04][%cal Bg7g5,Bg5f4,Bf4f3,Bf3f2][%mdl 32] Threatens to win with ...f4.} 50. Ke6 $2 {[%emt 0:01:07][%mdl 8192] Now White is beyond hope.} (50. Kc6 $11) 50... f4 51. gxf4 gxf4 {[%emt 0:00:04] ( -> ...f3)} 52. Re4 f3 {[%emt 0:00:19] Black mates.} 53. Rf4 f2 54. Kf5 Kg2 55. Rg4+ Kf3 {[%emt 0:00:13] Weighted Error Value: White=0.44/Black=0.18 (very precise)} (55... Kxh2 $142 56. Rf4 Kg2 57. Rg4+ Kf3 58. Rg7 f1=Q 59. Re7 Kg2+ 60. Ke6 Qc4+ 61. Kd7 h5 62. Re5 h4 63. Ke8 h3 64. Rg5+ Kf3 65. Re5 Qc8+ 66. Kf7 Qd7+ 67. Re7 {[#]} Qxe7+ $3 68. Kxe7 h2 69. Ke6 Ke4 70. Kf6 h1=Q 71. Kg7 Kf5 72. Kf8 Kf6 73. Kg8 Qg2+ 74. Kh8 Qg7#) 0-1

[Event "Chessable English Open-ch 2022"]
[Site "Kenilwoth"]
[Date "2022.05.20"]
[Round "4.8"]
[White "Ashton, Adam G"]
[Black "Southcott-Moyers, Indy"]
[Result "*"]
[ECO "C95"]
[WhiteElo "2366"]
[BlackElo "2028"]
[Annotator "TA"]
[PlyCount "54"]
[EventDate "2022.05.18"]
[EventType "swiss"]
[EventCountry "ENG"]
[SourceTitle "playchess.com"]
[Source "ChessBase"]
[SourceQuality "1"]
[TimeControl "5400+30"]

1. e4 e5 2. Nf3 Nc6 3. Bb5 a6 4. Ba4 Nf6 5. O-O Be7 6. Re1 b5 7. Bb3 d6 8. c3 O-O 9. h3 Nb8 10. d4 Nbd7 11. Nbd2 Bb7 12. Bc2 Re8 13. Nf1 Bf8 14. Ng3 g6 15. Bg5 Bg7 {[%emt 0:03:15] C95: Closed Ruy Lopez: Breyer Variation with 10 d4.} 16. Qd2 c5 17. d5 c4 {[%emt 0:03:11] White has an edge.} 18. Nh2 Qc7 {[%emt 0:08:59] [#]} 19. f3 $146 ({Predecessor:} 19. Rf1 Rf8 20. Kh1 Kh8 21. f4 exf4 22. Rxf4 Ng8 23. Rf2 Ne5 24. Nf3 Rae8 25. a4 {1-0 (45) Bacrot,E (2728)-Postny,E (2648) Le Port Marly 2009}) 19... h5 20. Rf1 Nc5 21. Bh6 Qe7 22. Bxg7 Kxg7 23. f4 {[%emt 0:01:13] aiming for fxe5.} (23. b4 $5 Ncd7 24. a4 $11) 23... h4 24. fxe5 dxe5 (24... Qxe5 $2 25. Rxf6 $1 Bc8 26. Raf1 $1 Qxf6 27. Rxf6 $18) 25. d6 ({Much worse is} 25. Rxf6 Qxf6 26. Ne2 Bc8 $17) 25... Qe6 {[%emt 0:07:18] [#] Inhibits Nf5+.} (25... Qd8 $1 $11 {and Black is okay.} 26. Rxf6 Qxf6) 26. Nf5+ $1 $18 gxf5 27. exf5 Nfe4 $2 {[%emt 0:03:20] Prevents Qg5+.  Weighted Error Value: White=0.06 (flawless) /Black=0.35} (27... Qd5 28. Qg5+ Kf8 29. Qh6+ Kg8 30. Rf2 Qxd6 31. Ng4 $16) (27... Nce4 $16 {is a better defense.} 28. Bxe4 (28. fxe6 Nxd2 29. Rfd1 Nde4 $17) 28... Nxe4 29. fxe6 Nxd2 30. Rxf7+ Kg6) *

[Event "Chessable English Open-ch 2022"]
[Site "Kenilwoth"]
[Date "2022.05.20"]
[Round "4.9"]
[White "Ashton, Adam G"]
[Black "Southcott-Moyers, Indy"]
[Result "1/2-1/2"]
[ECO "C95"]
[WhiteElo "2366"]
[BlackElo "2028"]
[Annotator "TA"]
[PlyCount "149"]
[EventDate "2022.05.18"]
[EventType "swiss"]
[EventCountry "ENG"]
[SourceTitle "playchess.com"]
[Source "ChessBase"]
[SourceQuality "1"]
[TimeControl "5400+30"]

1. e4 e5 2. Nf3 Nc6 3. Bb5 a6 4. Ba4 Nf6 5. O-O Be7 6. Re1 b5 7. Bb3 d6 8. c3 O-O 9. h3 Nb8 10. d4 Nbd7 11. Nbd2 Bb7 12. Bc2 Re8 13. Nf1 Bf8 14. Ng3 g6 15. Bg5 Bg7 {[%emt 0:03:15] C95: Closed Ruy Lopez: Breyer Variation with 10 d4.} 16. Qd2 c5 17. d5 c4 {[%emt 0:03:11] White has an edge.} 18. Nh2 Qc7 {[%emt 0:08:59] [#]} 19. f3 $146 ({White should try} 19. Rf1 $14) ({Predecessor:} 19. Rf1 Rf8 20. Kh1 Kh8 21. f4 exf4 22. Rxf4 Ng8 23. Rf2 Ne5 24. Nf3 Rae8 25. a4 {1-0 (45) Bacrot,E (2728)-Postny,E (2648) Le Port Marly 2009}) 19... h5 $11 20. Rf1 Nc5 21. Bh6 Qe7 22. Bxg7 Kxg7 23. f4 {[%emt 0:01:13] Hoping for fxe5.} (23. b4 $5 cxb3 24. axb3 $11) 23... h4 24. fxe5 dxe5 (24... Qxe5 $2 25. Rxf6 $1 Bc8 26. Raf1 $1 Qxf6 27. Rxf6 $18) 25. d6 (25. Rxf6 Qxf6 26. Ne2 Bc8 $17) 25... Qe6 {[%emt 0:07:18] [#] Prevents Nf5+.} (25... Qd8 $1 $11 {and Black stays safe.} 26. Rxf6 Qxf6) 26. Nf5+ $1 $18 gxf5 27. exf5 Nfe4 {[%emt 0:03:20] Against Qg5+} (27... Qd5 28. Qg5+ Kf8 29. Qh6+ Kg8 30. Rf2 Qxd6 31. Ng4 $16) (27... Nce4 28. Bxe4 (28. fxe6 Nxd2 29. Rfd1 Nde4 $17) 28... Nxe4 29. fxe6 Nxd2 30. Rxf7+ Kg6) 28. Bxe4 (28. fxe6 $142 Nxd2 29. Rxf7+ Kg8 30. Rc7) 28... Nxe4 29. fxe6 Nxd2 30. Rxf7+ Kg6 31. Rxb7 Rxe6 32. Re1 (32. d7 $18) 32... e4 {[%emt 0:03:28] [#]} (32... Rxd6 $16 33. Rxe5 Rf8) 33. d7 $1 Rd8 (33... e3 $142 34. Re2 Rd8) 34. Ng4 Kf7 (34... Rd6 $142 35. Kf2 Kf5) 35. Rd1 Rd6 (35... e3 {was worth a try.} 36. Nxe3 Rd6) 36. Kf2 Ke6 37. Ke2 e3 38. Nxe3 {[%emt 0:03:30] Dancing on a razor blade.} Ne4 39. Rxd6+ Nxd6 {[%emt 0:00:29][%mdl 4096] Endgame KRN-KRN} (39... Kxd6 $16 40. Rb6+ Kxd7 41. Rxa6 Ng3+ 42. Kd2 Kc8+ 43. Kc2 Kb7) 40. Ra7 Rf8 41. a4 ({Don't take} 41. Rxa6 Kxd7 42. Ra7+ Kc6 43. Ra6+ Kd7 $18) 41... Rg8 $2 (41... bxa4 42. Rxa6 Kxd7 43. Rxa4 Rg8) 42. a5 Rf8 43. Nc2 Ne4 44. Nd4+ Kd6 45. Rxa6+ Kxd7 46. Nxb5 Rf2+ (46... Rb8 $142 47. Rb6 Rxb6 48. axb6 Kc6) 47. Ke3 Rxb2 48. Kxe4 Rxb5 {[%emt 0:00:08] KR-KR} 49. Rh6 {[%emt 0:00:58] Threatens to win with a6.} Rg5 50. Rxh4 Rxg2 51. Kd4 (51. a6 $142 Kc7 52. Rh8) 51... Rg5 52. a6 {[%emt 0:00:14][%cal Ba5a6,Ba6a7][%mdl 32] Threatening mate with Rh8.} Ra5 53. a7 Kc6 54. Rh6+ Kb7 55. Kxc4 Kxa7 56. Kd4 Kb7 57. c4 {[%emt 0:00:02][%cal Bc3c4,Bc4c5][%mdl 32] aiming for h4.} Kc7 58. Rh7+ Kd8 59. h4 Rf5 60. c5 Rf6 61. h5 Kc8 62. Ke5 Rc6 63. Kd5 Rf6 64. h6 Rg6 65. Rh8+ Kc7 66. h7 Rh6 67. Ra8 Rh5+ 68. Kc4 $2 (68. Ke6 {mates} Rh6+ 69. Kf5 Rh5+ 70. Kg6 Rh3 71. h8=Q Rxh8 72. Rxh8 Kd7 73. Rh5) 68... Rxh7 $11 {[%emt 0:00:04] The position is equal.} 69. Kb5 {[%emt 0:01:04] Ra7+ would kill now.} Rh6 70. Rg8 Rf6 71. Rg7+ Kc8 72. Rh7 Rg6 73. c6 {[%emt 0:00:26] White threatens Kb6 and mate.} Rg1 74. Rh8+ Kc7 75. Rh7+ {[%emt 0:00:04] White really could win this.  Weighted Error Value: White=0.28 (precise) /Black=0.59} 1/2-1/2